 Dungeon Crawl Stone Soup version 0.32-a0-314-g526f7d4993 (webtiles) character file.

Game seed: 8645777628950675508

7265 Drazool the Severer (level 10, -3/88 HPs)
             Began as a Mountain Dwarf Fighter on Feb 15, 2024.
             Was a Believer of Wu Jian.
             Slain by an entropy weaver (shapeshifter) (7 damage)
             ... on level 9 of the Dungeon.
             The game lasted 00:32:02 (9612 turns).

Drazool the Severer (Mountain Dwarf Fighter)        Turns: 9612, Time: 00:32:02

Health: -3/88      AC: 13    Str: 23    XL:     10   Next: 89%
Magic:  10/10      EV: 14    Int:  9    God:    Wu Jian [**....]
Gold:   524        SH:  4    Dex:  9    Spells: 9/9 levels left

rFire   + + .        a - +0 war axe (elec)
rCold   x . .        c - +0 buckler
rNeg    + . .        C - +0 fire dragon scales
rPois   .            m - +0 helmet
rElec   .            w - +0 cloak
rCorr   .            (no gloves)
SInv    .            (no boots)
Will    +....        i - amulet of the acrobat Stlth
                     E - +5 ring of evasion
HPRegen 0.34/turn    N - ring of positive energy
MPRegen 0.12/turn

%: acrobat
@: about to teleport
A: runic magic, artefact enchanting
a: Renounce Religion, Wall Jump


You were on level 9 of the Dungeon.
You worshipped Wu Jian.
Wu Jian was pleased with you.
You visited 1 branch of the dungeon, and saw 9 of its levels.

You collected 524 gold pieces.


Innate Abilities, Weirdness & Mutations

Your spellcasting is much less encumbered by armour.
You can use scrolls of enchantment on lesser artefacts.


   Skills:
 + Level 7.8 Fighting
 - Level 16.0 Axes
 - Level 2.0 Throwing
 - Level 7.0 Armour
 - Level 4.0 Shields
 - Level 4.0 Evocations


You had 9 spell levels left.
You didn't know any spells.
Your spell library contained the following spells:

 Spells                   Type           Power      Damage    Failure   Level
 Mephitic Cloud           Conj/Alch/Air  0%         N/A       88%         3
 Summon Ice Beast         Ice/Summ       0%         N/A       88%         3
 Alistair's Intoxication  Alch           0%         N/A       100%        5
 Borgnjor's Vile Clutch   Necr/Erth      0%         N/A       100%        5
 Summon Forest            Summ/Tloc      0%         N/A       100%        5
 Summon Mana Viper        Hex/Summ       0%         N/A       100%        5
 Eringya's Noxious Bog    Alch           0%         4d6       100%        6
 Summon Cactus Giant      Summ           0%         N/A       100%        6
 Chain Lightning          Conj/Air       0%         N/A       100%        9

Inventory:

Hand Weapons
 a - a +0 war axe of electrocution (weapon)
Missiles
 d - 3 boomerangs
 f - 54 stones
 s - 3 poisoned darts (quivered)
Armour
 b - a +0 scale mail
 c - a +0 buckler (worn)
 j - the +2 pair of boots "Zaciad" {Harm rElec rF-}
   (You found it on level 5 of the Dungeon)

   rF-:       It makes you vulnerable to fire.
   rElec:     It insulates you from electricity.
   Harm:      It increases damage dealt and taken.
 m - a +0 helmet (worn)
 w - a +0 cloak (worn)
 C - +0 fire dragon scales (worn)
Magical Staves
 p - a staff of death {!a}
 y - a staff of earth {!a}
Jewellery
 i - an amulet of the acrobat (around neck)
 E - a +5 ring of evasion (left hand)
 N - a ring of positive energy (right hand)
Wands
 l - a wand of acid (6)
 q - a wand of iceblast (1)
Scrolls
 k - 3 scrolls of fog
 u - a scroll of noise {unknown}
 v - a scroll of amnesia {unknown}
 A - a scroll of brand weapon
 D - a scroll of blinking {unknown}
 F - a scroll of silence {!r}
Potions
 e - a potion of haste {@q3}
 g - a potion of attraction {unknown}
 n - 3 potions of brilliance
 o - a potion of invisibility {unknown}
 r - a potion of ambrosia {unknown}
 t - 2 potions of lignification
 x - a potion of heal wounds {unknown}
 B - 2 potions of might

Dungeon Overview and Level Annotations

Branches:
Dungeon (9/15)             Temple (0/1) D:5            Lair (0/5) D:8
    Orc: D:9-12

Altars:
Ashenzari
Cheibriados
Elyvilon
Fedhas
Gozag
Ru
Wu Jian
Xom

Shops:
D:2

(
.....#...####'#.........▒▒▒..▒▒▒.
.....#........#.........▒⚑....⚑▒[
.....#........#.........▒▒ß..ß▒▒.
.....#........######.......))....
.....#........#....#.......).....
.....#........#....#......##'####
.....#........#....#......#....#.
.....#........#.B..#......#....#.
.....######...##@..#......#....#.
###.....###...##...#......#....#.
#.....#..)..#....#......#....#.
#.....#.....#....# #....'.
#.....#.....'....# #....#.
#.....########...# #######
###........###...### #.
#>.......#.......# #.
#........#.......# #.


You could see an entropy weaver.


Message History

Unknown command.
Aiming: Corrosive Bolt
Press: ? - help, Shift-Dir - straight line, f - entropy weaver
Aim: an entropy weaver (heavily wounded, 64% to hit)
The bolt of acid hits the entropy weaver!
The entropy weaver is heavily wounded.
The entropy weaver closely misses you.
The entropy weaver hits you but does no damage.
The entropy weaver hits you!
* * * LOW HITPOINT WARNING * * *
The entropy weaver barely misses you.
Unknown command.
As you read the scroll of teleportation {@r2}, it crumbles to dust.
You feel strangely unstable. The entropy weaver hits you.
* * * LOW HITPOINT WARNING * * *
The entropy weaver completely misses you.
The entropy weaver barely misses you.
The entropy weaver hits you but does no damage.
The entropy weaver hits you.
* * * LOW HITPOINT WARNING * * *
The entropy weaver hits you!
* * * LOW HITPOINT WARNING * * *
The entropy weaver hits you but does no damage.
You block the entropy weaver's attack.
Unknown command.
It was a potion of curing.
You feel better. The entropy weaver hits you!
* * * LOW HITPOINT WARNING * * *
The entropy weaver hits you but does no damage.
The entropy weaver misses you. The entropy weaver hits you!
You die...

Skill      XL: |  1  2  3  4  5  6  7  8  9 10 |
---------------+-------------------------------+-----
Axes           | 3 4 5 7 9 11 12 15 16 | 16.0
Fighting       | 5 7 |  7.8
Armour         | 5 7 |  7.0
Throwing       | 2 |  2.0
Shields        | 4 |  4.0
Evocations     | 4 |  4.0

Action                     |  1- 3 |  4- 6 |  7- 9 | 10-12 || total
---------------------------+-------+-------+-------+-------++-------
  Melee: War axe           |    80 |   143 |   267 |   144 ||   634
  Throw: Stone             |       |     1 |     9 |       ||    10
         Dart              |       |       |    12 |     3 ||    15
Ability: Lunge             |       |    14 |    30 |     8 ||    52
         Whirlwind         |       |       |     5 |     1 ||     6
  Evoke: Wand              |       |       |    10 |    12 ||    22
    Use: Potion            |       |     1 |     3 |     1 ||     5
         Scroll            |       |     3 |     4 |     3 ||    10
 Armour: Scale mail        |    66 |    68 |   189 |    10 ||   333
         Fire dragon scale |       |       |       |    85 ||    85
  Dodge: Dodged            |    33 |    52 |    93 |    82 ||   260
  Block: Buckler           |    18 |    18 |    26 |    15 ||    77

Levels and vault maps discovered:
D:1:      minmay_arrival_four_houses, layout_loops_cross, serial_bayou_lagoon_b
D:2:      layout_loops_ring, serial_shops, nicolae_shop_crystal, grunt_decor_cap
D:3:      layout_loops_ring, amcnicky_altar_gilded,
          nicolae_elyvilon_temple_path, chequers_jeans, kennysheep_potato
D:4:      layout_loops_corners
D:5:      layout_loops_ring, lemuel_doored_altar,
          minmay_temple_entry_junction_2, kennysheep_minor_cross,
          chequers_serial_rivers_micro_b
D:6:      layout_loops_corners, fedhas_bush_and_centaur_altar,
          lightli_corner_chamber
D:7:      layout_loops_ring
D:8:      layout_loops_corners, grunt_gozag_statues,
          grunt_lair_entry_orc_guard_hut, uniq_gastronok, uniq_amaemon
D:9:      layout_gridville, minitemple

Notes
Turn   | Place    | Note
-------+----------+-------------------------------------------
     0 | D:1      | Drazool the Mountain Dwarf Fighter began the quest for the
                  | Orb.
     0 | D:1      | Reached XP level 1. HP: 19/19 MP: 1/1
    40 | D:1      | Reached skill level 3 in Axes
   203 | D:1      | Reached XP level 2. HP: 23/26 MP: 2/2
   389 | D:1      | Reached skill level 4 in Axes
   442 | D:1      | Reached XP level 3. HP: 31/31 MP: 3/3
  1020 | D:2      | Reached skill level 5 in Axes
  1098 | D:2      | Found Niysimmusch's Antique Weapon Boutique.
  1168 | D:2      | Reached XP level 4. HP: 34/38 MP: 4/4
  1739 | D:3      | Found an ornate altar of the Wu Jian Council.
  1756 | D:3      | Became a worshipper of the Wu Jian Council
  1873 | D:3      | Identified the +0 ring mail of Exclusion {rElec}
  1912 | D:3      | Reached skill level 6 in Axes
  2181 | D:3      | Found a white marble altar of Elyvilon.
  2307 | D:4      | Noticed a wyvern
  2313 | D:4      | Killed a wyvern
  2314 | D:4      | Reached skill level 7 in Axes
  2314 | D:4      | Reached XP level 5. HP: 16/45 MP: 5/5
  2314 | D:4      | Reached XP level 6. HP: 18/51 MP: 6/6
  2664 | D:4      | Reached skill level 8 in Axes
  3109 | D:4      | Got Ytyereel's Precepts of the Entourage and the Tempest
  3126 | D:4      | Reached skill level 9 in Axes
  3316 | D:5      | Entered Level 5 of the Dungeon
  3330 | D:5      | Reached * piety under Wu Jian
  3331 | D:5      | Reached XP level 7. HP: 57/57 MP: 7/7
  3389 | D:5      | Noticed a wyvern
  3393 | D:5      | Killed a wyvern
  3394 | D:5      | Reached skill level 10 in Axes
  3406 | D:5      | Found a staircase to the Ecumenical Temple.
  3506 | D:5      | Identified the +2 pair of boots "Zaciad" {Harm rElec rF-}
  3514 | D:5      | Found a snail-covered altar of Cheibriados.
  3577 | D:5      | Reached skill level 11 in Axes
  3662 | D:5      | Reached XP level 8. HP: 37/63 MP: 8/8
  4557 | D:6      | Reached skill level 12 in Axes
  5046 | D:6      | Reached skill level 4 in Fighting
  5062 | D:6      | Found a blossoming altar of Fedhas.
  5077 | D:6      | Reached ** piety under Wu Jian
  5173 | D:6      | Reached skill level 5 in Fighting
  5672 | D:6      | Reached skill level 4 in Armour
  5681 | D:6      | Reached skill level 5 in Armour
  5787 | D:6      | Reached skill level 1 in Throwing
  6364 | D:7      | Reached skill level 2 in Throwing
  6364 | D:7      | Reached XP level 9. HP: 48/74 MP: 9/9
  6461 | D:7      | Reached skill level 4 in Shields
  6756 | D:8      | Noticed Amaemon
  6756 | D:8      | Noticed an orange demon
  6771 | D:7      | Killed Amaemon
  6772 | D:7      | Reached skill level 13 in Axes
  6939 | D:7      | Reached skill level 14 in Axes
  7189 | D:8      | Noticed an elephant
  7203 | D:8      | Killed an elephant
  7385 | D:8      | Noticed an elephant
  7401 | D:8      | Killed an elephant
  7402 | D:8      | Reached skill level 15 in Axes
  7487 | D:8      | Found a staircase to the Lair.
  7487 | D:8      | Noticed an elephant
  7507 | D:8      | Killed an elephant
  7508 | D:8      | Reached XP level 10. HP: 68/81 MP: 10/10
  7569 | D:8      | Noticed Gastronok
  7588 | D:8      | Killed Gastronok
  7589 | D:8      | Reached skill level 16 in Axes
  7589 | D:8      | Reached skill level 3 in Evocations
  7988 | D:8      | Reached skill level 6 in Fighting
  8133 | D:8      | Killed an orange demon
  8378 | D:8      | Reached skill level 7 in Fighting
  8446 | D:8      | Found an opulent altar of Gozag.
  8972 | D:9      | Reached skill level 6 in Armour
  9171 | D:9      | Reached skill level 7 in Armour
  9175 | D:9      | Reached skill level 4 in Evocations
  9347 | D:9      | Found a sacrificial altar of Ru.
  9347 | D:9      | Found a shimmering altar of Xom.
  9388 | D:9      | Found a broken altar of Ashenzari.
  9597 | D:9      | Noticed an entropy weaver
  9611 | D:9      | HP: 2/88 [entropy weaver (shapeshifter) (11)]
  9612 | D:9      | Slain by an entropy weaver (shapeshifter)

Vanquished Creatures
  Gastronok (D:8)
  Amaemon (D:7)
  An orange demon (D:8)
  3 elephants (D:8)
  A troll (D:9)
  2 wyverns
  6 yaks (D:9)
  An acid dragon (D:9)
  An orc warrior (D:5)
  An ice beast (D:5)
  2 black bears
  A sky beast (D:7)
  3 centaurs
  An ogre (D:5)
  A phantom (D:5)
  4 bullfrogs
  A scorpion (D:8)
  4 wights (D:6)
  12 killer bees
  3 howler monkeys
  3 jellies
  3 hounds
  4 bombardier beetles
  3 orc priests
  An iguana (D:6)
  A sleepcap (D:6)
  6 orc wizards
  A gnoll (D:1)
  5 adders
  A shadow imp (D:4)
  2 white imps (D:6)
  3 ribbon worms
  2 dart slugs
  24 orcs
  2 bats (D:1)
  6 endoplasms
  3 giant cockroaches
  11 goblins
  9 hobgoblins
  3 jackals (D:5)
  5 quokkas
  3 ball pythons (D:4)
  2 frilled lizards (D:3)
  3 kobolds
  4 rats
160 creatures vanquished.

Table legend: (Time is in decaauts)
 A = Elapsed time spent in this place.
 B = Non-inter-level travel time spent in this place.
 C = Inter-level travel time spent in this place.
 D = Time resting spent in this place.
 E = Time spent auto-exploring this place.
 F = Levels seen in this place.
 G = Mean time per level.
                   A        B        C        D        E       F      G
               +--------+--------+--------+--------+--------+-----+--------+
         Total |   9598 |   9294 |    304 |   1477 |   6103 |   9 | 1066.4 |
       Dungeon |   9598 |   9294 |    304 |   1477 |   6103 |   9 | 1066.4 |
               +--------+--------+--------+--------+--------+-----+--------+

Top non-repeatable levels by time:
     D:8: 1744 daAuts
     D:6: 1570 daAuts
     D:5: 1123 daAuts
     D:7: 1068 daAuts
     D:4: 1016 daAuts
     D:2: 884 daAuts
     D:3: 855 daAuts
     D:9: 721 daAuts
     D:1: 614 daAuts

Table legend:
 A = Non-vault XP
 B = Vault XP
 C = Vault XP percentage of total XP
 D = Non-vault monster count
 E = Vault monster count
 F = Vault count percentage of total count
                 A         B        C        D         E       F
            +---------+---------+-------+---------+---------+-------
      Total |    5892 |    4487 |  43.2 |     149 |      11 |   6.9
            +---------+---------+-------+---------+---------+-------
        D:1 |      45 |       0 |   0.0 |      12 |       0 |   0.0
        D:2 |      78 |       0 |   0.0 |      17 |       0 |   0.0
        D:3 |      39 |       3 |   7.1 |      13 |       1 |   7.1
        D:4 |     535 |       0 |   0.0 |      25 |       0 |   0.0
        D:5 |    1015 |       0 |   0.0 |      14 |       0 |   0.0
        D:6 |     844 |     119 |  12.4 |      28 |       1 |   3.4
        D:7 |     698 |     762 |  52.2 |       9 |       1 |  10.0
        D:8 |     368 |    3603 |  90.7 |      12 |       8 |  40.0
        D:9 |    2270 |       0 |   0.0 |      19 |       0 |   0.0
            +---------+---------+-------+---------+---------+-------
